NCAA
PITTSBURGH PANTHERS @ CINCINNATI BEARCATS
05/20/2025
 
TOP OF THE 1ST
Pittsburgh Panthers batting - Pitching for Cincinnati Bearcats : LHP Troy Howell
Pitching: LHP Troy Howell
Batting: RHB Jaime Delgado 0-0: Swinging Strike
0-1: Called Strike
0-2: Fly out, F9 (Flyball, 9LM)
Batting: RHB Félix Ruíz 0-0: Ball
1-0: Called Strike
1-1: Swinging Strike
1-2: Ball
2-2: Foul Ball, location: 2F
2-2: Ball
3-2: Strikes out swinging, 2-3 out at first.
Batting: LHB Michael Melton 0-0: Ball
1-0: Swinging Strike
1-1: Called Strike
1-2: Ball
2-2: Ball
3-2: Ground out 4-3 (Groundball, 34)
Top of the 1st over - 0 run(s), 0 hit(s), 0 error(s), 0 left on base; Pittsburgh 0 - Cincinnati 0
BOTTOM OF THE 1ST
Cincinnati Bearcats batting - Pitching for Pittsburgh Panthers : RHP John Silva
Pitching: RHP John Silva
Batting: SHB Tom Johnson 0-0: Ball
1-0: Called Strike
1-1: Ground out 5-3 (Groundball, 5S)
Batting: RHB Bradley Burns 0-0: Called Strike
0-1: Ball
1-1: Foul Ball, location: 2F
1-2: Ball
2-2: Ball
3-2: Strikes out looking
Batting: RHB Chris Taylor 0-0: Called Strike
0-1: Foul Ball, location: 2F
0-2: Ball
1-2: SINGLE (Line Drive, 7LM)
Batting: RHB Elliott Horn 0-0: Ball
1-0: Ground out 4-3 (Groundball, 4)
Bottom of the 1st over - 0 run(s), 1 hit(s), 0 error(s), 1 left on base; Pittsburgh 0 - Cincinnati 0
TOP OF THE 2ND
Pittsburgh Panthers batting - Pitching for Cincinnati Bearcats : LHP Troy Howell
Batting: RHB Rob Gilbert 0-0: Fly out, F8 (Flyball, 8RS)
Batting: RHB Ismael Ortíz 0-0: Ball
1-0: Fly out, F8 (Line Drive, 8RM)
Batting: RHB Henry Edwards 0-0: Ball
1-0: Ball
2-0: Ball
3-0: Base on Balls
Batting: RHB Pete Woods 0-0: Ball
1-0: Ball
2-0: Swinging Strike
2-1: Called Strike
2-2: Foul Ball, location: 2F
2-2: Foul Ball, location: 2F
2-2: Strikes out looking
Top of the 2nd over - 0 run(s), 0 hit(s), 0 error(s), 1 left on base; Pittsburgh 0 - Cincinnati 0
BOTTOM OF THE 2ND
Cincinnati Bearcats batting - Pitching for Pittsburgh Panthers : RHP John Silva
Batting: RHB Bill Russell 0-0: Called Strike
0-1: Fly out, F7 (Line Drive, 7S)
Batting: RHB Roberto Villela 0-0: DOUBLE (Flyball, 89D)
Batting: SHB Mathew Olson 0-0: Ball
1-0: Foul Ball, location: 2F
1-1: SINGLE (Flyball, 89S)
Roberto Villela to third
Batting: RHB Cipriano Baca 0-0: Ball
1-0: Ball
2-0: Called Strike
2-1: Fly out, F7 (Flyball, 78M)
Runner from 3rd tags up, SCORES, throw made
Batting: RHB Dave Jackson 0-0: Called Strike
0-1: Ball
1-1: SINGLE (Line Drive, 6D)
Mathew Olson to second
Batting: SHB Tom Johnson 0-0: Called Strike
0-1: Ball
1-1: Called Strike
1-2: Strikes out swinging
Bottom of the 2nd over - 1 run(s), 3 hit(s), 0 error(s), 2 left on base; Pittsburgh 0 - Cincinnati 1
TOP OF THE 3RD
Pittsburgh Panthers batting - Pitching for Cincinnati Bearcats : LHP Troy Howell
Batting: RHB Todd Noone 0-0: Foul Ball, location: 2F
0-1: Ball
1-1: Ball
2-1: Foul Ball, location: 2F
2-2: Strikes out swinging
Batting: SHB Tim Mullen 0-0: Reached on Error, E9 (Flyball, 9M)
Batting: RHB Jaime Delgado 0-0: Ball
1-0: Ball
2-0: Swinging Strike
2-1: Swinging Strike
2-2: Strikes out looking
Batting: RHB Félix Ruíz 0-0: Ball
1-0: Ball
2-0: Fly out, F9 (Line Drive, 9S)
Top of the 3rd over - 0 run(s), 0 hit(s), 1 error(s), 1 left on base; Pittsburgh 0 - Cincinnati 1
BOTTOM OF THE 3RD
Cincinnati Bearcats batting - Pitching for Pittsburgh Panthers : RHP John Silva
Batting: RHB Bradley Burns 0-0: Called Strike
0-1: Ball
1-1: Ball
2-1: Foul Ball, location: 2F
2-2: Ball
3-2: Strikes out swinging
Batting: RHB Chris Taylor 0-0: Called Strike
0-1: Ball
1-1: Ball
2-1: Foul Ball, location: 2F
2-2: Ball
3-2: Base on Balls
Batting: RHB Elliott Horn 0-0: Called Strike
0-1: Ball
1-1: Ball
2-1: Called Strike
2-2: Strikes out swinging
Batting: RHB Bill Russell 0-0: Ball
1-0: Ball
Chris Taylor steals 2nd base
2-0: Ball
3-0: Base on Balls
Batting: RHB Roberto Villela 0-0: Swinging Strike
0-1: Ball
1-1: Ball
2-1: Fly out, F9 (Flyball, 9M)
Bottom of the 3rd over - 0 run(s), 0 hit(s), 0 error(s), 2 left on base; Pittsburgh 0 - Cincinnati 1
TOP OF THE 4TH
Pittsburgh Panthers batting - Pitching for Cincinnati Bearcats : LHP Troy Howell
Batting: LHB Michael Melton 0-0: Called Strike
0-1: Fly out, F9 (Line Drive, 9M)
Batting: RHB Rob Gilbert 0-0: Foul Ball, location: 2F
0-1: Ball
1-1: Ball
2-1: Ball
3-1: SOLO HOME RUN (Flyball, 8LXD), Distance : 390 ft
Batting: RHB Ismael Ortíz 0-0: Called Strike
0-1: Fly out, F7 (Flyball, 7M)
Batting: RHB Henry Edwards 0-0: Ball
1-0: Ball
2-0: Foul Ball, location: 2F
2-1: Foul Ball, location: 2F
2-2: Ball
3-2: Base on Balls
Batting: RHB Pete Woods 0-0: Ball
1-0: Ground out 1-3 (Groundball, 13)
Top of the 4th over - 1 run(s), 1 hit(s), 0 error(s), 1 left on base; Pittsburgh 1 - Cincinnati 1
BOTTOM OF THE 4TH
Cincinnati Bearcats batting - Pitching for Pittsburgh Panthers : RHP John Silva
Batting: SHB Mathew Olson 0-0: Foul Ball, location: 2F
0-1: Ball
1-1: Fly out, F8 (Flyball, 8LM)
Batting: RHB Cipriano Baca 0-0: Called Strike
0-1: Ball
1-1: Ball
2-1: Ground out 1-3 (Groundball, 2L)
Batting: RHB Dave Jackson 0-0: Fly out, F8 (Flyball, 8LM)
Bottom of the 4th over - 0 run(s), 0 hit(s), 0 error(s), 0 left on base; Pittsburgh 1 - Cincinnati 1
TOP OF THE 5TH
Pittsburgh Panthers batting - Pitching for Cincinnati Bearcats : LHP Troy Howell
Batting: RHB Todd Noone 0-0: Called Strike
0-1: Swinging Strike
0-2: Ball
1-2: Strikes out looking
Batting: SHB Tim Mullen 0-0: Called Strike
0-1: Ball
1-1: Swinging Strike
1-2: Strikes out looking
Batting: RHB Jaime Delgado 0-0: Ball
1-0: Called Strike
1-1: Foul Ball, location: 2F
1-2: Foul Ball, location: 2F
1-2: SINGLE (Groundball, 34S)
Batting: RHB Félix Ruíz 0-0: Called Strike
0-1: Ball
Jaime Delgado steals 2nd base
1-1: Swinging Strike
1-2: Strikes out swinging
Top of the 5th over - 0 run(s), 1 hit(s), 0 error(s), 1 left on base; Pittsburgh 1 - Cincinnati 1
BOTTOM OF THE 5TH
Cincinnati Bearcats batting - Pitching for Pittsburgh Panthers : RHP John Silva
Batting: SHB Tom Johnson 0-0: Swinging Strike
0-1: Ball
1-1: Ball
2-1: Ball
3-1: Base on Balls
Batting: RHB Bradley Burns 0-0: Ball
1-0: Ball
2-0: Called Strike
2-1: Grounds into double play, U6-3 (Groundball, 6M)
Batting: RHB Chris Taylor 0-0: SINGLE (Groundball, 34D)
Batting: RHB Elliott Horn 0-0: Ball
1-0: Called Strike
1-1: Ball
2-1: Fly out, F8 (Flyball, 8LXD)
Bottom of the 5th over - 0 run(s), 1 hit(s), 0 error(s), 1 left on base; Pittsburgh 1 - Cincinnati 1
TOP OF THE 6TH
Pittsburgh Panthers batting - Pitching for Cincinnati Bearcats : LHP Troy Howell
Batting: LHB Michael Melton 0-0: Foul Ball, location: 2F
0-1: Foul Ball, location: 2F
0-2: Ball
1-2: Fly out, F9 (Flyball, 9M)
Pitching: LHP Zack Garrett
Batting: RHB Rob Gilbert 0-0: Ball
1-0: Ball
2-0: Swinging Strike
2-1: Called Strike
2-2: Foul Ball, location: 2F
2-2: Fly out, F8 (Flyball, 8LM)
Batting: RHB Ismael Ortíz 0-0: Swinging Strike
0-1: Called Strike
0-2: Strikes out looking
Top of the 6th over - 0 run(s), 0 hit(s), 0 error(s), 0 left on base; Pittsburgh 1 - Cincinnati 1
BOTTOM OF THE 6TH
Cincinnati Bearcats batting - Pitching for Pittsburgh Panthers : RHP John Silva
Batting: RHB Bill Russell 0-0: Swinging Strike
0-1: Ball
1-1: Ball
2-1: Swinging Strike
2-2: Strikes out looking
Pitching: RHP Jesús Muros
Batting: RHB Roberto Villela 0-0: Foul Ball, location: 2F
0-1: Ball
1-1: Ball
2-1: Foul Ball, location: 2F
2-2: Strikes out swinging
Batting: SHB Mathew Olson 0-0: Ball
1-0: Swinging Strike
1-1: Foul Ball, location: 2F
1-2: Ball
2-2: Strikes out swinging
Bottom of the 6th over - 0 run(s), 0 hit(s), 0 error(s), 0 left on base; Pittsburgh 1 - Cincinnati 1
TOP OF THE 7TH
Pittsburgh Panthers batting - Pitching for Cincinnati Bearcats : LHP Zack Garrett
Batting: RHB Henry Edwards 0-0: Ball
1-0: Ball
2-0: Foul Ball, location: 2F
2-1: SINGLE (Flyball, 78S)
Batting: RHB Pete Woods 0-0: Ball
1-0: SINGLE (Flyball, 9LS)
Henry Edwards to second
Throwing error, E9
Henry Edwards scores
Pete Woods to second
Batting: RHB Todd Noone 0-0: Intentional Walk
Batting: SHB Tim Mullen 0-0: Ball
1-0: Foul Ball, location: 2F
1-1: Swinging Strike
1-2: Foul Ball, location: 2F
1-2: Ball
2-2: Ball
3-2: Strikes out swinging
Batting: RHB Jaime Delgado 0-0: Called Strike
0-1: Ball
1-1: SINGLE (Groundball, 4M)
Pete Woods to third
Todd Noone to second
Runner from 3rd tries for Home, SAFE, throw made home
Todd Noone to third
Jaime Delgado to second
Batting: RHB Félix Ruíz 0-0: Intentional Walk
Pitching: LHP Oscar Trottier
Batting: LHB Michael Melton 0-0: Foul Ball, location: 2F
0-1: Ball
1-1: Called Strike
1-2: Ball
Wild Pitch!
Todd Noone scores
Jaime Delgado to third
Félix Ruíz to second
2-2: Foul Ball, location: 2F
2-2: Ball
Wild Pitch!
Jaime Delgado scores
Félix Ruíz to third
3-2: Base on Balls
Batting: RHB Rob Gilbert 0-0: Ball
1-0: Foul Ball, location: 2F
1-1: Grounds into double play, 4-6-3 (Groundball, 4M)
Top of the 7th over - 4 run(s), 3 hit(s), 1 error(s), 1 left on base; Pittsburgh 5 - Cincinnati 1
BOTTOM OF THE 7TH
Cincinnati Bearcats batting - Pitching for Pittsburgh Panthers : RHP Jesús Muros
Batting: RHB Cipriano Baca 0-0: Called Strike
0-1: Called Strike
0-2: Ball
1-2: Fly out, F3 (Line Drive, 34)
Batting: RHB Dave Jackson 0-0: SINGLE (Groundball, 5D)
Batting: SHB Tom Johnson 0-0: Called Strike
0-1: Ball
1-1: Foul Ball, location: 2F
1-2: Ball
2-2: Foul Ball, location: 2F
2-2: Fly out, F8 (Flyball, 8LM)
Batting: RHB Bradley Burns 0-0: Ball
Wild Pitch!
Dave Jackson to second
1-0: Foul Ball, location: 2F
1-1: Foul Ball, location: 2F
1-2: Ball
2-2: 2-RUN HOME RUN (Flyball, 78XD), Distance : 370 ft
Batting: RHB Chris Taylor 0-0: Ball
1-0: SINGLE (Groundball, 6M)
Batting: RHB Elliott Horn 0-0: Ball
1-0: Ball
2-0: Called Strike
2-1: Swinging Strike
2-2: Ball
3-2: Fly out, F7 (Line Drive, 7M)
Bottom of the 7th over - 2 run(s), 3 hit(s), 0 error(s), 1 left on base; Pittsburgh 5 - Cincinnati 3
TOP OF THE 8TH
Pittsburgh Panthers batting - Pitching for Cincinnati Bearcats : LHP Oscar Trottier
Batting: RHB Ismael Ortíz 0-0: DOUBLE (Line Drive, 9LS)
Pinch Runner at 2nd Ray Wilson:
Batting: RHB Henry Edwards 0-0: Intentional Walk
Batting: RHB Pete Woods 0-0: Sac Bunt - play at first, batter OUT! 1-3
Ray Wilson to third
Henry Edwards to second
Batting: RHB Todd Noone 0-0: Intentional Walk
Batting: SHB Tim Mullen 0-0: Ball
1-0: Ball
2-0: Ball
3-0: Base on Balls
Ray Wilson scores
Henry Edwards to third
Todd Noone to second
Batting: RHB Jaime Delgado 0-0: Called Strike
0-1: Fly out, F8 (Flyball, 8RM)
Runner from 3rd tags up, SCORES, no throw
Batting: RHB Félix Ruíz 0-0: Ball
Wild Pitch!
Todd Noone to third
Tim Mullen to second
1-0: Ball
2-0: Called Strike
2-1: SINGLE (Groundball, 56D)
Todd Noone scores
Tim Mullen to third
Runner from 3rd tries for Home, SAFE, no throw or cutoff
Pitching: RHP César Gonzáles
Batting: LHB Michael Melton 0-0: Foul Ball, location: 2F
0-1: Foul Ball, location: 2F
0-2: Strikes out swinging
Top of the 8th over - 4 run(s), 2 hit(s), 0 error(s), 1 left on base; Pittsburgh 9 - Cincinnati 3
BOTTOM OF THE 8TH
Cincinnati Bearcats batting - Pitching for Pittsburgh Panthers : RHP Jesús Muros
Now at C: Ray Wilson
Batting: RHB Bill Russell 0-0: SINGLE (Line Drive, 3)
Batting: RHB Roberto Villela 0-0: Ball
1-0: Fly out, F4 (Line Drive, 4)
Pitching: RHP Dave Andrews
Batting: SHB Mathew Olson 0-0: Foul Ball, location: 2F
0-1: Ball
1-1: Fly out, F8 (Flyball, 8RM)
Batting: RHB Cipriano Baca 0-0: Foul Ball, location: 2F
0-1: Ball
1-1: Ground out 6-3 (Groundball, 6)
Bottom of the 8th over - 0 run(s), 1 hit(s), 0 error(s), 1 left on base; Pittsburgh 9 - Cincinnati 3
TOP OF THE 9TH
Pittsburgh Panthers batting - Pitching for Cincinnati Bearcats : RHP César Gonzáles
Batting: RHB Rob Gilbert 0-0: Called Strike
0-1: Ball
1-1: Ball
2-1: Foul Ball, location: 2F
2-2: Ball
3-2: Strikes out looking
Batting: RHB Ray Wilson 0-0: Ball
1-0: Called Strike
1-1: Swinging Strike
1-2: Strikes out swinging
Batting: RHB Henry Edwards 0-0: Called Strike
0-1: Fly out, F9 (Flyball, 9S)
Top of the 9th over - 0 run(s), 0 hit(s), 0 error(s), 0 left on base; Pittsburgh 9 - Cincinnati 3
BOTTOM OF THE 9TH
Cincinnati Bearcats batting - Pitching for Pittsburgh Panthers : RHP Dave Andrews
Batting: RHB Dave Jackson 0-0: Foul Ball, location: 2F
0-1: Fly out, F3 (Popup, 3F)
Batting: SHB Tom Johnson 0-0: Ball
1-0: Called Strike
1-1: Foul Ball, location: 2F
1-2: Ball
2-2: Strikes out swinging
Batting: RHB Bradley Burns 0-0: Called Strike
0-1: Called Strike
0-2: Ball
1-2: Ball
2-2: SINGLE (Line Drive, 78S)
Batting: RHB Chris Taylor 0-0: Ball
1-0: Ball
2-0: SINGLE (Groundball, 6D) (infield hit)
Bradley Burns to second
Batting: RHB Elliott Horn 0-0: Called Strike
0-1: Fly out, F8 (Flyball, 8RM)
Bottom of the 9th over - 0 run(s), 2 hit(s), 0 error(s), 2 left on base; Pittsburgh 9 - Cincinnati 3
This league is powered by Out of the Park Baseball, the baseball management simulation game for PC, Mac and Linux
Tuesday, August 2nd, 2016 - OOTP Baseball 16.8 Build 38